 Dungeon Crawl Stone Soup version 0.30-a0-900-g23479c02f2 (webtiles) character file.

Game seed: 1654998550194689882

249701 Firecrotchwizard the Slayer (level 19, -16/191 HPs)
             Began as a Hill Orc Monk on Mar 18, 2023.
             Was the Champion of Beogh.
             Demolished by a titan (65 damage)
             ... on level 3 of the Depths.
             The game lasted 03:07:46 (50681 turns).

Firecrotchwizard the Slayer (Hill Orc Monk)        Turns: 50681, Time: 03:07:46

Health: -16/191    AC: 28    Str: 22    XL:     19   Next: 60%
Magic:  31/31      EV: 11    Int: 18    God:    Beogh [******]
Gold:   347        SH: 29    Dex: 19    Spells: 16/18 levels left

rFire   + + .      SeeInvis +    y - +9 broad axe (chaos)
rCold   + + .      Faith    .    P - +2 tower shield {reflect}
rNeg    + + .      Spirit   .    S - +4 plate armour {rC+}
rPois   +          Reflect  +    i - +2 helmet {Int+3}
rElec   .          Rampage  .    T - scarf {rC+ rF+}
rCorr   .                        Z - +2 pair of gloves
Will    .....                    g - +0 pair of boots "Luimoem" {rPois Dex+6} Stlth
                                 q - amulet "Qioloevvop" {Reflect rN++ Will- Int+5 SH+5}
HPRegen 0.51/turn                e - ring of protection from fire {rF+, !d}
MPRegen 0.22/turn                V - ring of see invisible {sInv, !d}

@: studying Axes
A: walk on water
}: 2/15 runes: serpentine, barnacled
a: Renounce Religion, Smiting, Recall Orcish Followers, Give Item to Named
Follower, Resurrection


You were on level 3 of the Depths.
You worshipped Beogh.
Beogh was exalted by your worship.
You visited 6 branches of the dungeon, and saw 33 of its levels.
You visited the Abyss 1 time.
You visited 1 bazaar.
You also visited: Ice Cave.

You collected 2577 gold pieces.
You spent 2230 gold pieces at shops.

Inventory:

Hand Weapons
 b - a +3 trident of freezing
   (You took it off a merfolk impaler on level 3 of the Depths)
 y - a +9 broad axe of chaos (weapon)
   (You took it off Urug on level 12 of the Dungeon)
Missiles
 a - 4 boomerangs of dispersal {=f}
 l - 10 atropa-tipped darts
 o - 4 silver boomerangs
 s - 4 stones
 u - 5 throwing nets {!d}
 w - 2 curare-tipped darts
 x - 12 silver javelins (quivered)
 Q - 32 poisoned darts
Armour
 g - the +0 pair of boots "Luimoem" (worn) {rPois Dex+6}
   (You found it on level 8 of the Dungeon)

   Dex:       It affects your dexterity (+6).
   rPois:     It protects you from poison.
 i - a +2 helmet of intelligence (worn)
   (You found it on level 7 of the Dungeon)
 P - a +2 tower shield of reflection (worn)
   (You took it off a naga warrior on level 3 of the Snake Pit)
 S - a +4 plate armour of cold resistance (worn)
   (You found it on level 5 of the Lair of Beasts)
 T - a scarf of resistance (worn)
   (You found it on level 1 of the Depths)
 Z - a +2 pair of gloves (worn)
   (You found it on level 4 of the Dungeon)
Jewellery
 e - a ring of protection from fire (left hand) {rF+, !d}
   (You took it off a merfolk on level 4 of the Shoals)
 f - a +6 ring of strength
   (You found it on level 4 of the Lair of Beasts)
 q - the amulet "Qioloevvop" (around neck) {Reflect rN++ Will- Int+5 SH+5}
   (You found it in an ice cave)

   [amulet of reflection]

   It reflects blocked missile attacks.
   Int:       It affects your intelligence (+5).
   rN:        It greatly protects you from negative energy.
   SH:        It affects your SH (+5).
   Will:      It decreases your willpower.
 r - a ring of resist corrosion
   (You found it on level 1 of the Dungeon)
 A - a ring of protection from cold {rC+, !d}
   (You found it on level 11 of the Dungeon)
 B - a +5 ring of evasion
   (You found it on level 3 of the Snake Pit)
 C - a ring of protection from cold {rC+, !d}
   (You found it on level 4 of the Dungeon)
 F - a ring of protection from fire {rF+, !d}
   (You found it on level 1 of the Lair of Beasts)
 V - a ring of see invisible (right hand) {sInv, !d}
   (You found it on level 1 of the Depths)
Wands
 d - a wand of digging (5)
   (You found it on level 3 of the Lair of Beasts)
 k - a wand of quicksilver (14)
   (You found it on level 7 of the Dungeon)
 W - a wand of roots (32)
   (You found it on level 8 of the Dungeon)
Scrolls
 c - 3 scrolls of poison
 h - 7 scrolls of vulnerability {!r!r}
 n - 5 scrolls of fog
 p - 13 scrolls of identify {@r1}
 D - a scroll of blinking {!r}
 E - 5 scrolls of fear
 K - 10 scrolls of immolation {!r}
 O - a scroll of silence
 X - 4 scrolls of magic mapping {@r4!r}
 Y - 12 scrolls of teleportation {@r3}
Potions
 j - 2 potions of cancellation
 t - a potion of magic
 G - 15 potions of ambrosia {!q}
 H - 8 potions of haste
 I - 3 potions of invisibility
 J - 10 potions of curing {@q1}
 L - 3 potions of flight
 M - 9 potions of might
 N - a potion of heal wounds {@q2}
 R - 3 potions of resistance
 U - 9 potions of mutation {!q}
Miscellaneous
 m - a phantom mirror
   (You found it on level 12 of the Dungeon)
 z - a piece from Xom's chessboard (15/15)
   (You found it on level 4 of the Lair of Beasts)


   Skills:
 + Level 21.7 Fighting
 - Level 18.8 Axes
 - Level 13.5 Armour
 - Level 9.7 Dodging
 - Level 1.5 Stealth
 + Level 19.4 Shields
 - Level 17.7 Invocations
 + Level 6.6 Evocations


You had 16 spell levels left.
You knew the following spells:

 Your Spells              Type           Power      Damage    Failure   Level
b - Blink                 Tloc           0%         N/A       100%        2

Your spell library contained the following spells:

 Spells                   Type           Power      Damage    Failure   Level
 Apportation              Tloc           0%         N/A       99%         1
 Beastly Appendage        Tmut           0%         N/A       99%         1
 Shock                    Conj/Air       0%         1d3       99%         1
 Cigotuvi's Dreadful Rot  Necr/Pois/Air  0%         N/A       100%        2
 Ensorcelled Hibernation  Hex/Ice        0%         N/A       100%        2
 Wereblood                Tmut           0%         N/A       100%        2
 Call Canine Familiar     Summ           0%         N/A       100%        3
 Frozen Ramparts          Ice            0%         1d1       100%        3
 Ignite Poison            Fire/Tmut/Pois 0%         N/A       100%        3
 Inner Flame              Hex/Fire       0%         N/A       100%        3
 Kindle Blastsparks       Fire/Tloc/Air  0%         2d10      100%        3
 Portal Projectile        Hex/Tloc       0%         N/A       100%        3
 Spider Form              Tmut/Pois      0%         N/A       100%        3
 Swiftness                Air            0%         N/A       100%        3
 Tukima's Dance           Hex            0%         N/A       100%        3
 Airstrike                Air            0%         2d(0-16)  100%        4
 Cause Fear               Hex            0%         N/A       100%        4
 Dispel Undead            Necr           0%         3d6       100%        4
 Flame Wave               Conj/Fire      0%         2d4       100%        4
 Ice Form                 Ice/Tmut       0%         N/A       100%        4
 Leda's Liquefaction      Hex/Erth       0%         N/A       100%        4
 Manifold Assault         Tloc           0%         N/A       100%        4
 Passage of Golubria      Tloc           0%         N/A       100%        4
 Sticky Flame             Conj/Fire      0%         2d3       100%        4
 Summon Ice Beast         Ice/Summ       0%         N/A       100%        4
 Alistair's Intoxication  Tmut/Pois      0%         N/A       100%        5
 Freezing Cloud           Conj/Ice/Air   0%         6-21      100%        5
 Iskenderun's Battlesphe  Conj           0%         2d6       100%        5
 Yara's Violent Unravell  Hex/Tmut       0%         3d3       100%        5
 Death Channel            Necr           0%         N/A       100%        6
 Iron Shot                Conj/Erth      0%         9d1       100%        6
 Simulacrum               Ice/Necr       0%         N/A       100%        6
 Spellforged Servitor     Conj/Summ      0%         N/A       100%        7
 Storm Form               Tmut/Air       0%         N/A       100%        7
 Borgnjor's Revivificati  Necr           0%         N/A       100%        8
 Discord                  Hex            0%         N/A       100%        8
 Necromutation            Tmut/Necr      0%         N/A       100%        8
 Death's Door             Necr           0%         N/A       100%        9


Dungeon Overview and Level Annotations

Branches:
Dungeon (15/15)            Temple (0/1) D:7            Lair (5/5) D:10
 Shoals (4/4) Lair:2        Snake (4/4) Lair:3        Slime (0/5) Lair:5
    Orc (2/2) D:10            Elf (0/3) Orc:2        Vaults (0/5) D:14
 Depths (3/4) D:15          IceCv (visited)

Altars:
Ashenzari
Cheibriados
Dithmenos
Elyvilon
Fedhas
Gozag
Kikubaaqudgha
Makhleb
Ru
Sif Muna
Trog
Vehumet
Xom
Jiyva

Shops:
D:3 [   D:9 [*=![   Orc:1 **   Shoals:4 [   Snake:2 =   Depths:1 =:=(

Portals:
Hell: Depths:1 Depths:2
Pandemonium: Depths:2

Annotations:
D:7 1 runed translucent door, Crazy Yiuf
Lair:2 exclusion: oklob plant
Lair:3 2 transporters, Fiji Kou's ghost, journeyman FeSu
Lair:4 exclusion: oklob plant
Shoals:2 1 exclusion
Snake:3 1 runed translucent door, Woigomae's ghost, adept OpVM


Message History

You slice the elephant!! You freeze the elephant.
You block the elephant's attack.
The elephant trunk-slaps you but does no damage.
You slash the elephant! You burn the elephant!
You block the elephant's attack. x2
You slash the elephant! You burn the elephant. You block the elephant's attack.
The elephant trunk-slaps you but does no damage.
You slice the elephant!! You hit the elephant.
The elephant appears confused.
The elephant tramples you but does no damage.
You block the elephant's attack. x3
You slice the elephant!!
The elephant appears confused.
You hit the elephant but do no damage. You block the elephant's attack. x2
You strike the helpless elephant from behind!
You slash the elephant!
You kill the elephant!
The elephant's corpse disappears in a puff of smoke!
The elephant seems less confused.
The spriggan berserker hits you but does no damage.
You slash the spriggan berserker! You freeze the spriggan berserker.
You slash the elephant!
You block the spriggan berserker's attack.
The elephant tramples you but does no damage.
The elephant barely misses you.
You slash the spriggan berserker! You freeze the spriggan berserker.
You slash the elephant!
The elephant is poisoned.
You block the elephant's attack. x2
The spriggan berserker hits you with a +0 antimagic flail.
You feel your power leaking away.
You take 5 damage, and have 167/191 hp.
You now have 29/31 mp.
You slice the spriggan berserker!! You freeze the spriggan berserker!
You kill the spriggan berserker!
Beogh accepts your kill.
Beogh appreciates your killing of a heretic priest.
The elephant is no longer berserk.
The elephant disappears in a puff of smoke!
p - 13 scrolls of identify {@r1} (gained 1)
You now have 347 gold pieces (gained 51).
Items here: " ) [ †.
A fire giant comes into view.
It is wielding a +2 great sword of flaming.
Health restored: 191; MP restored: 31 You block the fire giant's attack.
You slash the fire giant!
Lightning courses through the fire giant!
You block the fire giant's attack.
You completely miss the fire giant. You block the fire giant's attack.
You slash the fire giant! You block the fire giant's attack.
You slash the fire giant! You freeze the fire giant.
You block the fire giant's attack.
You hit the fire giant but do no damage.
You block the fire giant's attack.
You slash the fire giant! You slice the fire giant!!
You kill the fire giant!
Beogh accepts your kill.
Things that are here:
a +2 great sword of flaming; a +0 animal skin A titan comes into view.
The titan shouts!
The titan gestures at you while chanting.
The bolt of lightning hits you!
You hear a shout!
You hear an angry hiss.
You hear a deafening roar!
You hear an angry buzzing noise. x4; You hear two shouts!
You take 12 damage, and have 179/191 hp.
You slice the titan!! You burn the titan. You block the titan's attack.
You hit the titan.
The titan goes berserk!
The titan hits you!!
You take 27 damage, and have 152/191 hp.
You slice the titan!!
The titan looks as sick as possible!
You block the titan's attack.
You hit the titan.
Space warps horribly around the titan!
You block the titan's attack.
A spriggan berserker comes into view. It is wielding a +0 quarterstaff.
You block the titan's attack.
You slash the titan! The titan hits you!!!
You take 58 damage, and have 94/191 hp.
MASSIVE DAMAGE!!
You slice the titan!! You burn the titan.
The titan hits you but does no damage.
Unknown command.
You hit the titan but do no damage.
The titan seems to speed up.
You slice the spriggan berserker!! You freeze the spriggan berserker!
The titan hits you!!!
* * * LOW HITPOINT WARNING * * *
You block the spriggan berserker's attack.
You hear an angry buzzing noise.
You take 46 damage, and have 48/191 hp.
MASSIVE DAMAGE!!
You hit the titan but do no damage.
You closely miss the spriggan berserker.
The titan misses you.
You block the spriggan berserker's attack.
Unknown command.
You slice the titan!! You slash the spriggan berserker!
You block the titan's attack. x2
You block the spriggan berserker's attack.
You slash the titan!
The titan appears confused.
You miss the spriggan berserker. The titan hits you!!!
You die...

####... .....
### #...# #.(
#.^.# '. #..
#...#
#...##C##...#
#.....i@....###
..............#
........####..#
.####...' #..#
.'...####..#
###........##
.....###.##
......
#).#.....#
..#'#..
#..#.....#


You could see a titan (berserk, fast, confused, very poisoned) and a spriggan
berserker.

Vanquished Creatures
  Vashnia (Snake:2)
  A lich (Depths:1)
  A titan (Depths:3)
  A tentacled starspawn (Abyss:2)
  Frances (Snake:2)
  Polyphemus (Shoals:2)
  5 nagarajas
  An azure jelly (IceCv)
  5 frost giants
  3 fire giants
  Louise (Shoals:3)
  A quicksilver ooze (IceCv)
  A juggernaut skeleton (D:15)
  3 stone giants
  2 very ugly things (Depths:1)
  4 spark wasps (Depths:1)
  4 merfolk javelineers
  4 ettins
  A blizzard demon (Depths:2)
  2 jiangshi (Depths:1)
  3 merfolk impalers
  7 fire dragons
  A rakshasa (Depths:1)
  2 salamander tyrants (Snake:3)
  A hydra (D:14)
  5 ice dragons
  A vault guard (D:13)
  3 spriggan air magi
  4 catoblepae
  2 hell beasts (Depths:2)
  5 centaur warriors
  3 alligator snapping turtles (Shoals:3)
  6 boulder beetles
  3 merfolk aquamancers
  9 anacondas
  A merfolk avatar (Shoals:3)
  3 death yaks
  3 tengu warriors
  12 naga warriors
  An alligator (shapeshifter) (Snake:2)
  4 spriggan berserkers
  17 naga sharpshooters
  A vampire mage (Depths:1)
  5 shock serpents
  A soul eater (Depths:2)
  3 iron trolls
  2 skeletal warriors
  8 skysharks
  4 salamander mystics
  9 sea snakes
  8 naga ritualists
  4 glowing orange brains
  A deep troll (D:15)
  3 wizards
  A lindwurm (Snake:3)
  11 mana vipers
  A deep elf pyromancer (D:15)
  An orc sorcerer (D:15)
  An orc knight (D:15)
  A fire giant zombie (D:15)
  9 harpies
  A phantasmal warrior (D:15)
  9 cyclopes
  6 manticores
  21 ugly things
  15 salamanders
  A moth of wrath (shapeshifter) (Depths:1)
  11 fauns
  5 elephants
  17 naga magi
  6 guardian serpents
  10 merfolk sirens
  30 black mambas
  7 water nymphs
  3 torpor snails
  Maurice (D:9)
  A black mamba (shapeshifter) (D:14)
  A guardian serpent (shapeshifter) (D:15)
  A gargoyle (D:12)
  3 ice statues (IceCv)
  An orange demon (Depths:2)
  9 cane toads
  2 rime drakes (Lair:5)
  2 unseen horrors
  A yaktaur (shapeshifter) (D:15)
  A kobold demonologist (D:10)
  4 komodo dragons
  4 tengu conjurers
  A queen bee (Lair:3)
  4 trolls
  21 merfolk
  5 wind drakes
  5 polar bears
  2 hornets
  A spriggan zombie (D:15)
  7 blink frogs
  6 snapping turtles
  17 dream sheep
  5 wraiths
  17 slime creatures
  A spriggan (Depths:1)
  2 wyverns
  10 water elementals
  A shadow (D:9)
  A human (shapeshifter) (D:13)
  3 wargs
  15 yaks
  10 vampire mosquitoes
  A redback (shapeshifter) (D:14)
  A steam dragon (D:9)
  44 nagas
  A naga (shapeshifter) (Depths:2)
  2 water moccasins
  4 orc warriors
  2 ice beasts
  2 sky beasts
  3 great orb of eyes simulacra (IceCv)
  2 ogres
  6 wolves
  4 centaurs
  2 phantoms (D:5)
  A kobold brigand (D:11)
  5 slime creature simulacra (IceCv)
  6 bullfrogs
  A scorpion (D:7)
  4 glowing shapeshifter simulacra (IceCv)
  3 wights
  36 killer bees
  4 howler monkeys
  7 electric eels
  7 hounds
  6 orc priests
  A jelly (D:5)
  2 sleepcaps (D:5)
  An iguana (D:7)
  5 orc wizards
  Terence (D:5)
  5 hell rats (Lair:3)
  3 shapeshifter simulacra (IceCv)
  A mummy (D:7)
  8 gnolls
  2 adders
  A shadow imp (D:7)
  5 white imps (D:12)
  An ufetubus (D:5)
  A worm (D:5)
  7 dart slugs
  9 orcs
  3 bats
  8 endoplasms
  4 giant cockroaches
  8 goblins
  6 hobgoblins
  4 jackals
  8 ball pythons
  5 frilled lizards
  2 hobgoblin zombies (D:7)
  11 kobolds
  5 rats
791 creatures vanquished.

Vanquished Creatures (collateral kills)
  A lich (Depths:1)
  A tengu reaver (D:15)
  A nagaraja (Snake:3)
  Aizul (Snake:2)
  2 very ugly things (D:15)
  2 spark wasps (D:15)
  Snorg (Lair:3)
  2 ettins (D:15)
  3 merfolk javelineers (Shoals:4)
  Josephine (D:10)
  A rakshasa (D:14)
  2 salamander tyrants (Snake:3)
  2 hydras
  3 catoblepae
  A spriggan air mage (Depths:1)
  A two-headed ogre (shapeshifter) (D:14)
  3 tengu warriors
  10 death yaks
  A deep troll earth mage (D:15)
  6 naga warriors
  2 two-headed ogres
  A deep troll shaman (D:15)
  Urug (D:12)
  2 naga sharpshooters
  A skyshark (Lair:4)
  4 salamander mystics (Snake:3)
  A deep troll (D:15)
  3 naga ritualists
  A deep elf pyromancer (D:12)
  A lindwurm (Lair:2)
  A necromancer (D:14)
  A stone giant zombie (D:15)
  5 mana vipers
  4 manticores
  3 ugly things (D:15)
  A salamander (Snake:3)
  A merfolk siren (Shoals:1)
  13 black mambas
  6 elephants
  Joseph (D:7)
  3 naga magi
  A guardian serpent (Snake:3)
  4 cane toads
  3 rime drakes
  Psyche (D:8)
  A kobold demonologist (D:10)
  5 komodo dragons
  4 merfolk
  A troll (D:8)
  3 blink frogs (Lair:4)
  3 dream sheep (Lair:3)
  2 snapping turtles
  2 slime creatures (D:12)
  A water elemental (Shoals:1)
  3 wyverns
  4 wraiths (D:10)
  A vampire (D:11)
  28 yaks
  2 basilisks
  2 vampire mosquitoes
  4 wargs
  An acid dragon (D:8)
  16 nagas
  8 water moccasins
  An orc warrior (Orc:1)
  2 black bears
  2 ogres
  5 wolves (Lair:4)
  2 centaurs
  5 bullfrogs
  10 wights
  3 killer bees
  2 howler monkeys
  2 orc priests
  2 hounds (D:5)
  3 orc wizards
  An adder (D:5)
  A shadow imp (D:7)
  7 white imps (D:12)
  4 orcs
  A kobold (D:10)
254 creatures vanquished.

Vanquished Creatures (others)
  An orc high priest (Shoals:4)
  An orc sorcerer (Lair:3)
  A salamander (Snake:3)
  A guardian serpent (Snake:3)
  4 orc warriors
  7 orc priests
  A skyshark zombie (Shoals:1)
  5 orc wizards
  30 orcs
  A kobold (D:8)
  37 fungi
  176 plants
  8 tentacles (Shoals:3)
  13 withered plants (D:15)
286 creatures vanquished.

Grand Total: 1331 creatures vanquished

Notes
Turn   | Place    | Note
-------+----------+-------------------------------------------
     0 | D:1      | Firecrotchwizard the Hill Orc Monk began the quest for the
                  | Orb.
     0 | D:1      | Reached XP level 1. HP: 19/19 MP: 1/1
   164 | D:2      | Reached XP level 2. HP: 14/27 MP: 2/2
   270 | D:2      | Reached skill level 1 in Armour
   480 | D:2      | Reached skill level 4 in Fighting
   484 | D:3      | Became a worshipper of Beogh the Brigand
   484 | D:3      | Reached * piety under Beogh
   484 | D:3      | Reached ** piety under Beogh
   615 | D:1      | Reached XP level 3. HP: 24/33 MP: 3/3
   781 | D:1      | Reached skill level 5 in Axes
  1375 | D:2      | Reached XP level 4. HP: 40/40 MP: 4/4
  1831 | D:3      | Reached skill level 1 in Invocations
  2057 | D:3      | Found Wiucemy's Armour Shop.
  2094 | D:3      | Reached *** piety under Beogh
  2220 | D:3      | Noticed Terence
  2287 | D:3      | Found a shadowy altar of Dithmenos.
  2819 | D:4      | Noticed a sky beast
  2841 | D:4      | Killed a sky beast
  2842 | D:4      | Reached skill level 6 in Axes
  2842 | D:4      | Reached skill level 2 in Armour
  2842 | D:4      | Reached skill level 2 in Invocations
  2842 | D:4      | Reached XP level 5. HP: 14/47 MP: 3/6
  3270 | D:4      | Reached XP level 6. HP: 43/55 MP: 7/7
  3782 | D:4      | Found an opulent altar of Gozag.
  3783 | D:4      | Found a snail-covered altar of Cheibriados.
  4045 | D:5      | Entered Level 5 of the Dungeon
  4045 | D:5      | Noticed an ice beast
  4062 | D:5      | HP: 5/55 [ice beast (10)]
  4064 | D:5      | Killed an ice beast
  4065 | D:5      | Reached skill level 5 in Fighting
  4065 | D:5      | Reached skill level 3 in Invocations
  4263 | D:5      | Reached skill level 3 in Armour
  4522 | D:4      | Reached skill level 7 in Axes
  4625 | D:5      | Reached XP level 7. HP: 61/61 MP: 9/9
  4849 | D:5      | Killed Terence
  4891 | D:5      | Found a broken altar of Ashenzari.
  4893 | D:5      | Found a radiant altar of Vehumet.
  4893 | D:5      | Found an ancient bone altar of Kikubaaqudgha.
  4893 | D:5      | Found a white marble altar of Elyvilon.
  4894 | D:5      | Found a blossoming altar of Fedhas.
  5184 | D:5      | Found a burning altar of Makhleb.
  5198 | D:5      | Reached skill level 4 in Invocations
  5324 | D:5      | Reached skill level 8 in Axes
  5338 | D:5      | HP: 12/62 [poisoned by an orc]
  5628 | D:5      | Reached skill level 4 in Armour
  5628 | D:5      | Reached XP level 8. HP: 60/70 MP: 11/11
  5745 | D:5      | Reached skill level 6 in Fighting
  5897 | D:6      | Reached skill level 9 in Axes
  5897 | D:6      | Reached skill level 5 in Invocations
  5906 | D:6      | HP: 16/71 [killer bee (5)]
  5907 | D:6      | HP: 4/71 [killer bee (4)]
  5912 | D:6      | HP: 13/71 [poisoned by a killer bee]
  6133 | D:6      | You fall into a shaft and drop 1 floor!
  6551 | D:5      | HP: 16/65 [wight/+5 halberd of freezing (4)]
  6552 | D:5      | HP: 7/63 [wight/+5 halberd of freezing (8)]
  6552 | D:5      | HP: 3/63 [wight/+5 halberd of freezing (4)]
  6949 | D:6      | Reached **** piety under Beogh
  6950 | D:6      | Reached skill level 5 in Armour
  7338 | D:7      | Noticed Joseph
  7348 | D:6      | Reached skill level 10 in Axes
  7902 | D:7      | Reached skill level 7 in Fighting
  7931 | D:7      | Killed Joseph
  7932 | D:7      | Reached skill level 6 in Invocations
  7932 | D:7      | Reached XP level 9. HP: 30/79 MP: 13/13
  8409 | D:7      | Killed an unseen horror
  8858 | D:7      | Found a staircase to the Ecumenical Temple.
  8997 | D:7      | Reached skill level 11 in Axes
  9150 | D:7      | Found a runed translucent door.
  9151 | D:7      | Noticed Crazy Yiuf
  9341 | D:7      | Gained Orik as an ally
  9481 | D:8      | Reached skill level 6 in Armour
  9487 | D:8      | Reached skill level 7 in Invocations
  9981 | D:8      | Reached skill level 8 in Fighting
  9982 | D:8      | Identified the +0 pair of boots "Luimoem" {rPois Dex+6}
 10175 | D:8      | Noticed Psyche
 10206 | D:8      | HP: 17/79 [something (4)]
 10207 | D:8      | Killed Psyche
 10210 | D:8      | HP: 8/81 [poisoned by Psyche]
 10694 | D:8      | Reached skill level 12 in Axes
 10800 | D:8      | Reached XP level 10. HP: 54/89 MP: 15/15
 10910 | D:9      | Found Ducsirch's Antique Armour Boutique.
 11176 | D:9      | Identified a scroll of acquirement
 11176 | D:9      | Acquired a manual of Shields
 11406 | D:8      | Reached skill level 8 in Invocations
 11510 | D:9      | Found Engets's Assorted Antiques.
 11530 | D:9      | Reached skill level 7 in Armour
 11550 | D:9      | Bought a knobbly jade ring for 140 gold pieces
 11550 | D:9      | Bought a knobbly diamond ring for 140 gold pieces
 11563 | D:9      | Found Jempanac's Jewellery Shop.
 11642 | D:9      | Noticed a two-headed ogre
 12433 | D:8      | Killed a two-headed ogre
 12453 | D:9      | Found a shimmering altar of Xom.
 12516 | D:9      | Found Ycuwn's Distillery.
 12568 | D:8      | Reached skill level 9 in Fighting
 12568 | D:8      | Reached skill level 13 in Axes
 12622 | D:9      | Found Qicvyemu's Antique Armour Emporium.
 12626 | D:9      | Bought a cloak for 144 gold pieces
 12787 | D:10     | Entered Level 10 of the Dungeon
 13005 | D:10     | Found a staircase to the Lair.
 13011 | D:10     | Reached skill level 9 in Invocations
 13014 | D:10     | Gained Zorug as an ally
 13193 | D:10     | Noticed Maurice
 13234 | D:9      | Killed Maurice
 13400 | D:10     | Reached XP level 11. HP: 58/97 MP: 15/17
 13435 | D:10     | Found a staircase to the Orcish Mines.
 13454 | D:10     | Reached skill level 14 in Axes
 13454 | D:10     | Reached skill level 8 in Armour
 13471 | D:10     | Noticed Josephine
 13482 | D:10     | Killed Josephine
 13487 | D:10     | HP: 21/99 [wraith[Josephine] (11)]
 13979 | D:11     | Noticed a cyclops
 13998 | D:10     | Killed a cyclops
 13999 | D:10     | Reached skill level 10 in Fighting
 14091 | Lair:1   | Entered Level 1 of the Lair of Beasts
 14465 | Lair:1   | Noticed a six-headed hydra
 14502 | D:10     | Killed a six-headed hydra
 14862 | Lair:1   | Reached skill level 10 in Invocations
 15076 | Lair:1   | Reached skill level 15 in Axes
 15330 | Lair:2   | Found a staircase to the Shoals.
 15454 | Lair:2   | Noticed an oklob plant
 15571 | Lair:2   | HP: 22/101 [cane toad (14)]
 15576 | Lair:2   | HP: 16/101 [poisoned by a cane toad]
 15581 | Lair:2   | HP: 17/101 [poisoned by a cane toad]
 15813 | Lair:1   | Reached skill level 9 in Armour
 16357 | Lair:2   | Noticed a lindwurm
 16392 | Lair:2   | Killed a lindwurm
 16599 | Lair:2   | Gained Olfrun as an ally
 16600 | Lair:2   | Reached XP level 12. HP: 77/108 MP: 20/20
 16880 | Lair:3   | Reached skill level 11 in Fighting
 16885 | Lair:3   | Reached skill level 16 in Axes
 16885 | Lair:3   | HP: 27/109 [hell rat (12)]
 16888 | Lair:3   | Reached skill level 11 in Invocations
 16980 | Lair:3   | Noticed Fiji Kou's ghost (journeyman FeSu)
 16981 | Lair:3   | Found a transporter.
 16983 | Lair:3   | Found a bloodstained altar of Trog.
 16984 | Lair:3   | Noticed a spriggan berserker
 17003 | Lair:3   | Found a transporter.
 17130 | Lair:3   | Noticed a death yak
 17137 | Lair:3   | Noticed a death yak
 17139 | Lair:3   | Noticed a death yak
 17143 | Lair:3   | Noticed a death yak
 17143 | Lair:3   | Killed a death yak
 17150 | Lair:3   | Killed a death yak
 17154 | Lair:3   | Killed a death yak
 17160 | Lair:3   | Killed a death yak
 17227 | Lair:3   | Found a staircase to the Snake Pit.
 17602 | Lair:3   | Noticed Snorg
 17612 | Lair:3   | Killed Snorg
 17613 | Lair:3   | Reached skill level 10 in Armour
 17680 | Lair:3   | Noticed a boulder beetle
 17692 | Lair:3   | Reached skill level 17 in Axes
 17755 | Lair:3   | Killed a boulder beetle
 17878 | Lair:3   | Reached skill level 12 in Invocations
 18200 | Lair:3   | Reached ***** piety under Beogh
 18201 | Lair:3   | Reached skill level 12 in Fighting
 18428 | Lair:4   | Reached XP level 13. HP: 87/118 MP: 22/22
 18979 | Lair:3   | Reached skill level 1 in Shields
 19179 | Lair:4   | Reached skill level 2 in Shields
 19688 | Lair:5   | Entered Level 5 of the Lair of Beasts
 19792 | Lair:4   | Reached skill level 3 in Shields
 19848 | Lair:4   | Reached skill level 11 in Armour
 19848 | Lair:4   | Reached skill level 4 in Shields
 20113 | Lair:4   | Reached skill level 5 in Shields
 20414 | Lair:4   | Reached skill level 13 in Invocations
 20433 | Lair:4   | Reached skill level 6 in Shields
 20914 | Lair:5   | Found a viscous altar of Jiyva.
 20914 | Lair:5   | Found a staircase to the Slime Pits.
 20985 | Lair:5   | Reached skill level 7 in Shields
 21167 | Lair:5   | Identified the +2 falchion of Hibeajui {elec, *Rage rElec
                  | Int+3}
 21779 | Lair:4   | Reached skill level 13 in Fighting
 21780 | Lair:4   | Reached skill level 8 in Shields
 22087 | Lair:5   | Gained Ognian as an ally
 22252 | Lair:5   | Reached skill level 9 in Shields
 22505 | Lair:2   | Your ally Olfrun died
 22709 | D:11     | Reached XP level 14. HP: 116/129 MP: 24/24
 23180 | D:10     | Reached skill level 10 in Shields
 24144 | D:12     | Noticed Urug
 24153 | D:12     | Killed Urug
 24306 | D:12     | Reached skill level 18 in Axes
 24306 | D:12     | Reached skill level 14 in Invocations
 24356 | D:12     | Reached skill level 12 in Armour
 24380 | D:12     | Found a frozen archway.
 24381 | D:12     | Reached ****** piety under Beogh
 24458 | IceCv    | Entered an ice cave
 24659 | IceCv    | Reached skill level 11 in Shields
 24839 | IceCv    | Noticed a quicksilver ooze
 24841 | IceCv    | Found a viscous altar of Jiyva.
 24841 | IceCv    | Noticed an azure jelly
 24851 | IceCv    | Killed a quicksilver ooze
 24854 | IceCv    | Killed an azure jelly
 25065 | IceCv    | Got the +7 sling of Resonant Subterfuge {freeze, Will-
                  | rCorr Int+8}
 25068 | IceCv    | Got the Compendium of Frostbite
 25069 | IceCv    | Identified the amulet "Qioloevvop" {Reflect rN++ Will-
                  | Int+5 SH+5}
 25977 | D:13     | Reached skill level 14 in Fighting
 26343 | D:13     | Reached skill level 12 in Shields
 26393 | D:13     | Found a shimmering blue altar of Sif Muna.
 26740 | D:14     | Found a gate to the Vaults.
 27205 | D:14     | Reached skill level 15 in Invocations
 27435 | D:14     | Reached skill level 13 in Armour
 27475 | D:14     | Reached skill level 13 in Shields
 27516 | D:14     | Acquired a manual of Axes
 27621 | D:15     | Entered Level 15 of the Dungeon
 27626 | D:14     | Reached XP level 15. HP: 139/139 MP: 26/26
 27676 | D:15     | Paralysed by an orc sorcerer for 4 turns
 28045 | D:15     | Found a staircase to the Depths.
 28870 | D:15     | Reached skill level 15 in Fighting
 29525 | Orc:1    | Entered Level 1 of the Orcish Mines
 29594 | Orc:1    | Found Zedgh's General Store.
 29598 | Orc:1    | Found Mekhy's Specific Store.
 29609 | Orc:1    | Bought a scroll of enchant weapon for 75 gold pieces
 29744 | D:10     | Upgraded the game from 0.30-a0-883-g5ad918d77d to
                  | 0.30-a0-900-g23479c02f2
 29794 | Shoals:1 | Entered Level 1 of the Shoals
 29798 | Shoals:1 | Reached skill level 14 in Shields
 29910 | Shoals:1 | Reached skill level 3 in Dodging
 30863 | Shoals:1 | Reached skill level 15 in Shields
 30902 | Shoals:1 | Identified the +6 mace "Kudetey" {venom, rC+ Will+ SInv}
 30983 | Shoals:2 | Reached skill level 4 in Dodging
 31454 | Shoals:2 | Noticed Polyphemus
 31518 | Shoals:2 | Killed Polyphemus
 31519 | Shoals:2 | Reached skill level 16 in Fighting
 31689 | Shoals:2 | Reached XP level 16. HP: 143/151 MP: 27/27
 31803 | Shoals:2 | Reached skill level 5 in Dodging
 32707 | Shoals:3 | Noticed a kraken
 32914 | Shoals:3 | Reached skill level 16 in Shields
 33212 | Shoals:3 | Reached skill level 6 in Dodging
 33546 | Shoals:3 | Noticed Louise
 33558 | Abyss:2  | Cast into level 2 of the Abyss (Louise)
 33575 | Abyss:2  | Noticed a tentacled starspawn
 33586 | Abyss:2  | Killed a tentacled starspawn
 33589 | Shoals:3 | Escaped the Abyss
 33600 | Shoals:3 | Killed Louise
 33619 | Shoals:4 | Entered Level 4 of the Shoals
 33788 | Shoals:3 | Reached skill level 17 in Fighting
 35067 | Shoals:4 | HP: 31/155 [water nymph/the raging water (26)]
 35073 | Shoals:4 | HP: 14/155 [sea snake (7)]
 35378 | Shoals:4 | Found Ziawet's Armour Shoppe.
 35378 | Shoals:4 | Identified the +0 scale mail "Ojeecuas" {rCorr Dex+2}
 35397 | Shoals:4 | Reached skill level 7 in Dodging
 35427 | Shoals:4 | Your ally Zorug died
 35690 | Shoals:4 | Got a barnacled rune of Zot
 35895 | D:9      | Bought a scroll of blinking for 210 gold pieces
 35895 | D:9      | Bought a potion of mutation for 224 gold pieces
 35895 | D:9      | Bought a potion of heal wounds for 140 gold pieces
 35982 | Orc:1    | Bought a potion of heal wounds for 50 gold pieces
 35982 | Orc:1    | Bought a +0 bardiche of flaming for 182 gold pieces
 35982 | Orc:1    | Bought a potion of curing for 30 gold pieces
 36006 | Orc:2    | Entered Level 2 of the Orcish Mines
 36006 | Orc:2    | Found a staircase to the Elven Halls.
 36075 | D:10     | Akorn: We kickin some ass?
 36075 | D:10     | Firecrotchwizard: yes
 36075 | D:10     | Firecrotchwizard: successfully roleplaying orc jesus
 36152 | D:10     | Akorn: lol
 36258 | Snake:1  | Entered Level 1 of the Snake Pit
 36264 | Snake:1  | Akorn: you'll have to kill the false prophet
 36300 | Snake:1  | Akorn: only through iron and blood shed will this dungeon
                  | be set right
 36342 | Lair:3   | Akorn: Death will set you free!
 36363 | Lair:3   | Reached XP level 17. HP: 116/163 MP: 16/28
 36477 | Snake:1  | Gained Boruk as an ally
 36477 | Snake:1  | Gained Ugrim as an ally
 36600 | Snake:1  | Reached skill level 17 in Shields
 36681 | Snake:1  | Reached skill level 18 in Fighting
 36775 | Snake:1  | Learned a level 2 spell: Blink
 36862 | Snake:1  | Reached skill level 8 in Dodging
 36862 | Snake:1  | Reached skill level 16 in Invocations
 37398 | Snake:2  | Noticed Vashnia
 37505 | Snake:2  | Killed Vashnia
 37707 | Snake:1  | Firecrotchwizard: smite is OP
 38771 | Snake:2  | Noticed Frances
 38783 | Snake:2  | Killed Frances
 39081 | Snake:2  | Found Faff's Jewellery Shoppe.
 39767 | Snake:2  | Reached skill level 9 in Dodging
 39853 | Snake:2  | Reached skill level 17 in Invocations
 39869 | Snake:3  | Found a runed translucent door.
 40148 | Snake:3  | Noticed Woigomae's ghost (adept OpVM)
 40269 | Snake:3  | Noticed Aizul
 40303 | Snake:2  | Killed Aizul
 40430 | Snake:3  | Reached skill level 19 in Fighting
 40477 | Snake:3  | HP: 40/168 [shock serpent (12)]
 40944 | Snake:3  | Identified the +3 scale mail of Inaction {*Slow +Blink
                  | Regen+ Int+2}
 40974 | Snake:3  | Reached XP level 18. HP: 112/176 MP: 30/30
 41499 | Snake:3  | HP: 42/176 [naga warrior/+0 glaive (40)]
 42467 | Snake:4  | Entered Level 4 of the Snake Pit
 43680 | Snake:3  | Reached skill level 20 in Fighting
 44325 | Snake:4  | Reached skill level 18 in Shields
 44794 | Snake:4  | Got a serpentine rune of Zot
 45142 | Depths:1 | Entered Level 1 of the Depths
 45305 | Depths:1 | Reached skill level 1 in Evocations
 45699 | Depths:1 | Reached skill level 2 in Evocations
 45772 | Depths:1 | Found a magical portal.
 45879 | Depths:1 | HP: 32/180 [spark wasp/living lightning (15)]
 45887 | Depths:1 | HP: 15/180 [spark wasp/living lightning (20)]
 46218 | Depths:1 | Found a sacrificial altar of Ru.
 46321 | D:15     | Your ally Ugrim died
 46702 | Depths:1 | Reached skill level 3 in Evocations
 47076 | Depths:1 | Found Okkoh's Jewellery Boutique.
 47078 | Depths:1 | Found Woraov's Book Emporium.
 47079 | Depths:1 | Found Luomp's Jewellery Boutique.
 47166 | Depths:1 | Reached XP level 19. HP: 188/188 MP: 31/31
 47211 | Depths:1 | Reached skill level 21 in Fighting
 47259 | Depths:1 | Reached skill level 4 in Evocations
 47473 | Depths:1 | Found a gateway to Hell.
 47683 | Depths:1 | Found Ischas's Antique Weapon Boutique.
 48243 | Depths:2 | Found a gateway to a bazaar.
 48302 | Depths:1 | Reached skill level 5 in Evocations
 48359 | Bazaar   | Entered a bazaar
 48389 | Bazaar   | Found Gisikh's Distillery.
 48406 | Bazaar   | Found Avugo's Assorted Antiques.
 48462 | Bazaar   | Found Leaxutam's Assorted Antiques.
 48475 | Bazaar   | Found Gezac Tisi's Jewellery Shoppe.
 48499 | Bazaar   | Bought a potion of heal wounds for 140 gold pieces
 48520 | Bazaar   | Bought a potion of haste for 350 gold pieces
 48520 | Bazaar   | Bought a scroll of teleportation for 105 gold pieces
 48542 | Bazaar   | Bought a potion of mutation for 96 gold pieces
 48542 | Bazaar   | Bought a potion of curing for 36 gold pieces
 48542 | Bazaar   | Bought a potion of curing for 36 gold pieces
 48542 | Bazaar   | Bought a potion of mutation for 96 gold pieces
 48542 | Bazaar   | Bought a potion of curing for 36 gold pieces
 48609 | Depths:2 | Reached skill level 19 in Shields
 49118 | Depths:2 | Found a one-way gate leading to the halls of Pandemonium.
 49616 | Depths:2 | Reached skill level 6 in Evocations
 50423 | Depths:3 | Gained Wargath as an ally
 50681 | Depths:3 | Demolished by a titan

Illustrated notes

Levels and vault maps discovered:
D:1:      eino_arrival_tree_alley, layout_basic, minmay_misc_feat_plants
D:2:      layout_basic, serial_glass, glass_columns_b, glass_columns_b,
          minmay_split_cup_large
D:3:      minmay_evil_eye, layout_loops_ring, mainiacjoe_overflow_catwalk,
          serial_shops, nicolae_shop_window_shopping, minmay_misc_feat_alley,
          uniq_terence
D:4:      layout_basic, amethyst_overflow_temple_binary
D:5:      layout_basic, grunt_temple_overflow_open, minmay_ruined_shrine
D:6:      layout_rooms, serial_corexii_hall, corexii_hall_statues_i,
          corexii_hall_statues_u
D:7:      layout_rooms, minmay_temple_entry_wispy, nicolae_ossuary_entry_giza,
          uniq_joseph, uniq_crazy_yiuf_cottage
D:8:      layout_cave_pools, kennysheep_generic_room_6, uniq_psyche
D:9:      layout_roguey, pf_just_have_faith, serial_shops, shop, shop, shop,
          shop, nicolae_shop_overgrown_old_shop
D:10:     layout_long_grid, erik_lair_orcish_takeover, orc_0_dummy,
          uniq_josephine, uniq_maurice
D:11:     layout_basic
D:12:     layout_small_grid, portal_ice_cave_entry_imps,
          amcnicky_mini_corridor_feature, uniq_urug
D:13:     layout_roguey, nicolae_sif_muna_condensation
D:14:     layout_roguey, david_vaults_5, minmay_misc_feat_x
D:15:     gammafunk_depths_entry_grave, layout_loops_corners, minivault_26
Lair:1:   layout_regular_city, cheibrodos_lair_lostbears
Lair:2:   layout_gridlike, shoals_dummy_entry, nicolae_volcano_entry_vermiform
Lair:3:   layout_hall_layers, guppyfry_snake_entry_garden, special_room
          [special_room_bee], gammafunk_ghost_wrathful_warriors, minivault_27,
          minivault_26, pdpol_lair_cavern_descent, uniq_snorg
Lair:4:   layout_concentric_octagons, grunt_forest_small_clearing_treed
Lair:5:   evilmike_catoblepas_cave, layout_gridlike, slime_entry_1,
          serial_forest, infiniplex_forest_lined_room_2,
          infiniplex_forest_lined_3_way, infiniplex_forest_side_room,
          infiniplex_forest_clump_cross, infiniplex_forest_clump_long,
          infiniplex_forest_lined_3, infiniplex_forest_lined_3,
          infiniplex_forest_clump_C, infiniplex_forest_lined_corner,
          infiniplex_forest_clump_C
Shoals:1: layout_shoals
Shoals:2: layout_shoals, nicolae_shoals_hidden_pirate_stash, uniq_polyphemus
Shoals:3: layout_shoals, nicolae_shoals_songs, uniq_louise
Shoals:4: shoals_end_grunt_ice, layout_shoals, serial_shops,
          nicolae_diamond_shop
Snake:1:  layout_rooms, grunt_ministairs_15
Snake:2:  layout_chambers, serial_shops, shop_statue, nicolae_triple_integral,
          uniq_frances, uniq_vashnia
Snake:3:  layout_basic, hellmonk_ghost_happy_afterlife, drop_trap, uniq_aizul
Snake:4:  johnstein_snake_rune_scales, layout_misc_corridors
Orc:1:    layout_diamond_mine, nicolae_specific_store,
          nicolae_orc_sculptors_studio
Orc:2:    kennysheep_orc_mage_school, layout_caves
Depths:1: layout_honeycomb, serial_shops, kennysheep_little_box, nicolae_wwwww,
          hell_entry, mu_enter_wizlab_5, nicolae_ru_path_of_blood,
          minmay_shop_grove
Depths:2: nicolae_cairo_tiling, layout_cave_shapes, grunt_pan_entry_spiral,
          serial_shops, bzr_entry_dummy, grunt_mini_vestibule,
          minmay_misc_feat_rows, minmay_staircase_bubble
Depths:3: box_level_dp, abyss_entry, hell_entry, pan_entry

Skill      XL: |  1  2  3  4  5  6  7  8  9 10 11 12 13 14 15 16 17 18 19 |
---------------+----------------------------------------------------------+-----
Armour         | 1 2 3 4 5 6 7 9 10 11 13 | 13.5
Fighting       | 4 5 7 8 9 10 12 13 14 16 17 19 20 21 | 21.7
Axes           | 5 6 7 8 10 12 13 15 17 18 | 18.8
Invocations    | 2 3 4 6 7 9 10 12 13 15 17 | 17.7
Shields        | 9 13 15 16 17 18 19 | 19.4
Dodging        | 4 7 9 |  9.7
Evocations     | 3 6 |  6.6
Stealth        | |  1.5

Action                     |  1- 3 |  4- 6 |  7- 9 | 10-12 | 13-15 | 16-18 | 19-21 || total
---------------------------+-------+-------+-------+-------+-------+-------+-------++-------
  Melee: Hand axe          |   147 |   165 |   109 |       |       |       |       ||   421
         Punch             |       |     5 |     5 |     7 |     1 |       |       ||    18
         Mace              |       |       |    53 |     2 |     3 |       |       ||    58
         War axe           |       |       |   105 |   382 |   248 |       |       ||   735
         Unarmed           |       |       |    13 |       |       |       |       ||    13
         Broad axe         |       |       |       |       |   540 |  1113 |   313 ||  1966
  Throw: Stone             |       |       |     1 |     6 |     7 |     1 |       ||    15
 Invoke: Convert to Beogh  |     1 |       |       |       |       |       |       ||     1
         Smiting           |       |     2 |       |     8 |    14 |    20 |     6 ||    50
         Recall Orcish Fol |       |       |     3 |     9 |    22 |    14 |     4 ||    52
         Give Item to Name |       |       |       |     1 |     2 |     1 |       ||     4
  Evoke: Wand              |       |       |       |       |       |     1 |       ||     1
    Use: Potion            |       |       |     2 |       |       |    16 |       ||    18
         Scroll            |       |       |       |    26 |    14 |     5 |     1 ||    46
   Stab: Sleeping          |     2 |     2 |     2 |       |       |       |       ||     6
         Distracted        |       |       |     4 |     8 |    11 |    15 |       ||    38
         Confused          |       |       |       |     1 |     4 |     8 |     4 ||    17
         Petrifying        |       |       |       |       |     5 |       |     1 ||     6
         Paralysed         |       |       |       |       |     3 |     5 |       ||     8
         Petrified         |       |       |       |       |       |       |     7 ||     7
 Armour: Robe              |    15 |       |       |       |       |       |       ||    15
         Ring mail         |    29 |    48 |    88 |    18 |       |       |       ||   183
         Troll leather arm |       |       |       |   181 |     7 |       |       ||   188
         Plate armour      |       |       |       |       |   397 |   356 |    68 ||   821
  Dodge: Dodged            |    86 |    85 |   202 |   299 |   170 |   367 |    49 ||  1258
  Block: Kite shield       |       |       |       |       |   605 |   979 |       ||  1584
         Reflection        |       |       |       |       |    49 |   177 |     1 ||   227
         Tower shield      |       |       |       |       |       |   580 |   322 ||   902

Table legend: (Time is in decaauts)
 A = Elapsed time spent in this place.
 B = Non-inter-level travel time spent in this place.
 C = Inter-level travel time spent in this place.
 D = Time resting spent in this place.
 E = Time spent auto-exploring this place.
 F = Levels seen in this place.
 G = Mean time per level.
                   A        B        C        D        E       F      G
               +--------+--------+--------+--------+--------+-----+--------+
         Total |  50498 |  47112 |   3386 |  14161 |  22039 |  36 | 1402.7 |
       Dungeon |  21288 |  19050 |   2238 |   6236 |   9261 |  15 | 1419.2 |
          Lair |   8647 |   8106 |    541 |   2087 |   3718 |   5 | 1729.4 |
        Shoals |   5874 |   5737 |    137 |   1198 |   3202 |   4 | 1468.5 |
     Snake Pit |   8512 |   8266 |    246 |   3290 |   2817 |   4 | 2128.0 |
  Orcish Mines |    305 |    246 |     59 |      0 |    155 |   2 |  152.5 |
        Depths |   4787 |   4625 |    162 |   1071 |   2457 |   3 | 1595.7 |
         Abyss |     28 |     28 |      0 |      0 |     13 |   1 |   28.0 |
        Bazaar |    237 |    237 |      0 |      0 |    134 |   1 |  237.0 |
      Ice Cave |    816 |    816 |      0 |    278 |    281 |   1 |  816.0 |
               +--------+--------+--------+--------+--------+-----+--------+

Top non-repeatable levels by time:
 Snake:2: 2694 daAuts
Depths:1: 2581 daAuts
  Lair:5: 2242 daAuts
 Snake:3: 2158 daAuts
     D:5: 2138 daAuts
 Snake:4: 2136 daAuts
  Lair:4: 2077 daAuts
    D:15: 2041 daAuts
     D:8: 1801 daAuts
    D:11: 1756 daAuts
     D:9: 1731 daAuts
    D:10: 1672 daAuts
Shoals:4: 1666 daAuts
     D:4: 1617 daAuts
  Lair:3: 1590 daAuts

Table legend:
 A = Kills in this place as a percentage of kills in the entire game.
 B = Kills by you in this place as a percentage of kills by you in the entire game.
 C = Kills by friends in this place as a percentage of kills by friends in the entire game.
 D = Other kills in this place as a percentage of other kills in the entire game.
 E = Experience gained in this place as a percentage of experience gained in the entire game.
 F = Experience gained in this place divided by the number of levels of this place that you have seen.
                   A       B       C       D       E      F
               +-------+-------+-------+-------+-------+----------------------
         Total | 100.0 | 100.0 | 100.0 | 100.0 | 100.0 | 10187.6
       Dungeon |  31.5 |  31.3 |  32.7 |   0.0 |  16.7 | 4089.3
          Lair |  19.9 |  13.4 |  40.2 |   0.0 |  12.4 | 9110.2
        Shoals |  13.4 |  16.0 |   5.5 |   0.0 |  19.1 | 17489.2
     Snake Pit |  21.9 |  22.9 |  17.7 |  75.0 |  30.4 | 27915.0
  Orcish Mines |   1.8 |   1.5 |   2.8 |   0.0 |   0.5 | 825.5
        Depths |   8.0 |  10.1 |   1.2 |  25.0 |  18.1 | 22075.0
         Abyss |   0.1 |   0.1 |   0.0 |   0.0 |   0.4 | 1583.0
      Ice Cave |   3.4 |   4.6 |   0.0 |   0.0 |   2.4 | 8787.0
               +-------+-------+-------+-------+-------+----------------------
